[Event "2. Itzehoer Schach Open"]
[Site "Itzehoe, Germany"]
[Date "2023.04.29"]
[Round "1.14"]
[White "Helms, Finn"]
[Black "Axt, Christian"]
[Result "1-0"]
[TimeControl "90 min / 40 Züge + 30 min + 30 Sek pro Zug"]
[WhiteElo "2002"]
[BlackElo "1728"]

1. e4 e5 2. Nf3 f5 3. Nxe5 Qf6 4. d4 d6 5. Nc4 fxe4 6. Nc3 Qg6 7. f3 Nf6 8. fxe4 Be7 9. e5 Ng4 10.
Bd3 Bf5 11. Nd5 Bxd3 12. Qxd3 Qxd3 13. cxd3 Na6 14. Bf4 dxe5 15. Nxe5 Nf6 16. Nxe7 Kxe7 17. Kd2 Rhe8 18. Rhf1 Nb4 19.
Rae1 Kf8 20. Bg5 Nbd5 21. Nd7+ Kf7 22. Re5 Rad8 23. Rxd5 1-0

[Event "2. Itzehoer Schach Open"]
[Site "Itzehoe, Germany"]
[Date "2023.04.29"]
[Round "1.17"]
[White "Retzlaff, Wolfgang"]
[Black "Tarasenko, Nazar"]
[Result "1/2-1/2"]
[TimeControl "90 min / 40 Züge + 30 min + 30 Sek pro Zug"]
[WhiteElo "1704"]
[BlackElo "1970"]

1. c4 e6 2. Nc3 d5 3. cxd5 exd5 4. d4 Nf6 5. Nf3 c6 6. Bg5 Be7 7. e3 O-O 8. Be2 Be6 9. O-O Nbd7 10. Rc1 Ne4 11. Bxe7 Qxe7 12. Qc2 f5 13. Bd3 Rf6 14. Ne2 h6 15. Ne5 g5 16. Nxd7 Bxd7 17. Bxe4 fxe4 18. Ng3 Be8 19. Qe2 Bg6 20. f3 exf3 21. Rxf3 Re8 22. Rxf6 Qxf6 23. Re1 Qf7 24. Qf3 h5 25. Qxf7+ Kxf7 26. Nf1 Kf6 27. Nd2 g4 28. Kf2 Kg5 29. Ke2 h4 30. Rf1 Bh5 31. g3 hxg3 32. hxg3 Bg6 33. Nb3 b6 34. Kd2 Rh8 35. Nc1 Rh2+ 36. Ne2 Be4 37. Ke1 Bd3 38. Rf2 Rxf2 39. Kxf2 Bxe2 40. Kxe2 Kf5 41. Kd3 a5 42. a4 b5 43. b3 Ke6 44. e4 dxe4+ 45. Kxe4 Kd6 46. Ke3 bxa4 47. bxa4 c5 48. Kd3 Kd5 49. dxc5 Kxc5 50. Kc3 1/2-1/2

[Event "2. Itzehoer Schach Open"]
[Site "Itzehoe, Germany"]
[Date "2023.04.29"]
[Round "1.6"]
[White "Helmer, Jan"]
[Black "Moysich, Dirk"]
[Result "1-0"]
[TimeControl "90 min / 40 Züge + 30 min + 30 Sek pro Zug"]
[WhiteElo "2091"]
[BlackElo "1860"]

1. Nf3 d6 2. d4 Nf6 3. Nc3 Nbd7 4. e4 e5 5. h3 exd4 6. Nxd4 Nc5 7. Bd3 Be7 8. Be3 O-O 9. Qd2 a6 10.
O-O-O Nxd3+ 11. Qxd3 c5 12. Nf5 Bxf5 13. exf5 b5 14. Nd5 Nxd5 15. Qxd5 Qa5 16. Rhe1 Bf6 17. g4 h6 18. f4 c4 19.
g5 hxg5 20. fxg5 Be5 21. g6 Qxa2 22. gxf7+ Kh8 23. Rd4 Qa1+ 24. Kd2 Qa5+ 25. c3 Bxd4 26. Bxd4 Qc7 27. Qxa8 1-0

[Event "2. Itzehoer Schach Open"]
[Site "Itzehoe, Germany"]
[Date "2023.04.29"]
[Round "1.26"]
[White "Schulze, Tim"]
[Black "Graf, David"]
[Result "1/2-1/2"]
[TimeControl "90 min / 40 Züge + 30 min + 30 Sek pro Zug"]
[WhiteElo "1663"]
[BlackElo "1429"]

1. d4 Nf6 2. c4 e6 3. Nf3 b6 4. a3 Bb7 5. Nc3 Ne4 6. Qc2 f5 7. e3 Be7 8. Be2 O-O 9. O-O d6 10.
Rd1 Bf6 11. b4 Nd7 12. Bb2 Qe7 13. d5 Nxc3 14. Bxc3 Bxc3 15. Qxc3 e5 16. Rac1 a5 17. Ne1 axb4 18. axb4 Ra2 19.
Rc2 Rxc2 20. Qxc2 e4 21. Ra1 Ra8 22. Rxa8+ Bxa8 23. Qa2 Qd8 24. Nc2 g6 25. Nd4 Nf8 26. h4 Bb7 27. h5 Kf7 28.
hxg6+ hxg6 29. Qa7 Qa8 30. Qxa8 Bxa8 31. Nb5 Ke7 32.
Nxc7 Bb7 33. g4 Bc8 34. gxf5 gxf5 35.
Kg2 Ng6 36. Na8 b5 37. Nb6 Bb7 38. cxb5 Kd8 39. Nc4 Kc7 40. Bh5 Ne7 41. b6+ Kd7 42. Be8+ Kxe8 43. Nxd6+ Kd7 44. Nxb7 Nxd5 45.
Nc5+ Kc6 46. b7 Kc7 47. b5 Nb4 48. b6+ Kb8 49. Kg3 Nd3 50. Nxd3 exd3 51. Kf3 Kxb7 52. e4 fxe4+ 53. Ke3 Kxb6 54.
f3 exf3 55. Kxd3 Kc5 56. Ke3 Kb6 57. Kxf3 1/2-1/2

[Event "2. Itzehoer Schach Open"]
[Site "Itzehoe, Germany"]
[Date "2023.04.29"]
[Round "1.27"]
[White "Moeller, Rainer"]
[Black "Stiller, Maximilian"]
[Result "0-1"]
[TimeControl "90 min / 40 Züge + 30 min + 30 Sek pro Zug"]
[WhiteElo "1414"]
[BlackElo "1657"]

1. e4 c6 2. d4 d5 3. Nc3 dxe4 4. Nxe4 Nd7 5. Nf3 Ngf6 6. Bd3 Nxe4 7. Bxe4 Nf6 8. Qd3 Bg4 9. c3 e6 10.
O-O Bd6 11. h3 Nxe4 12. Qxe4 Bf5 13. Qe2 O-O 14. Re1 Rc8 15. Ne5 f6 16. Nc4 Bb8 17. Ne3 Qc7 18. Nf1 Rfe8 19. Qf3 Bg6 20.
Bd2 Qb6 21. b3 e5 22. dxe5 Bxe5 23. Bf4 Qa5 24. Bxe5 Rxe5 25. Rxe5 Qxe5 26. Qe3 Qc7 27. Rd1 Re8 28. Qd4 c5 29.
Qd7 Qxd7 30. Rxd7 Re1 31. c4 Kf8 32. f3 Ra1 33. Rd2 Ke7 34. Kf2 Bb1 35. Ne3 Rxa2 36. Nd5+ Kd6 37. Ke3 Rxd2 38.
Kxd2 Ke5 39. Kc3 Bg6 40. g4 Bf7 41. Ne3 Kf4 42. Nf5 Kxf3 43. Nxg7 Kg3 44. Nf5 Kxh3 45. Nd6 Be6 46. Nxb7 Kxg4 47.
Nxc5 Bc8 48. Nd3 h5 49. Nf2+ Kf3 0-1

[Event "2. Itzehoer Schach Open"]
[Site "Itzehoe, Germany"]
[Date "2023.04.29"]
[Round "1.24"]
[White "Wibmer, Michael"]
[Black "Brandt, Volker"]
[Result "1-0"]
[TimeControl "90 min / 40 Züge + 30 min + 30 Sek pro Zug"]
[WhiteElo "1675"]
[BlackElo "1469"]

1. e4 e5 2. Nf3 d5 3. exd5 Bd6 4. Bb5+ Nd7 5. Nc3 a6 6. Ba4 f5 7. d3 Ngf6 8. Ng5 b5 9. Bb3 Qe7 10.
Ne6 Nc5 11. Qf3 Bxe6 12. dxe6 O-O 13. Nd5 Nxd5 14. Bxd5 e4 15. dxe4 fxe4 16. Qg4 Nxe6 17. Qxe6+ Ra7 1-0

[Event "2. Itzehoer Schach Open"]
[Site "Itzehoe, Germany"]
[Date "2023.04.29"]
[Round "1.35"]
[White "Fuhrmann, Jeppe"]
[Black "Hieke, Jonas"]
[Result "1/2-1/2"]
[TimeControl "90 min / 40 Züge + 30 min + 30 Sek pro Zug"]
[WhiteElo "1379"]
[BlackElo "1584"]

1. e4 e5 2. Nf3 Nc6 3. Bc4 Nf6 4. d3 Bc5 5. O-O d6 6. c3 Bg4 7. Be3 Bb6 8. Nbd2 O-O 9. Bb3 Ne7 10.
Re1 Ng6 11. Nf1 Nh4 12. N1d2 Nd7 13. h3 Nxf3+ 14. Nxf3 Bh5 15. g4 Bg6 16. Bg5 Qe8 17. Nh4 Kh8 18. Be3 f6 19. Nxg6+ Qxg6 20.
Qf3 Nc5 21. Bc4 Rfe8 22. Kh2 Ne6 1/2-1/2

[Event "2. Itzehoer Schach Open"]
[Site "Itzehoe, Germany"]
[Date "2023.04.29"]
[Round "1.12"]
[White "Nahnsen, Kenneth"]
[Black "Papenfuss, Kai"]
[Result "1-0"]
[TimeControl "90 min / 40 Züge + 30 min + 30 Sek pro Zug"]
[WhiteElo "2021"]
[BlackElo "1751"]

1. d4 d5 2. c4 e6 3. Nf3 c6 4. g3 Nd7 5. Bg2 Bd6 6. Qc2 f5 7. Bf4 Bb4+ 8. Nbd2 Ngf6 9. a3 Be7 10.
O-O O-O 11. b4 Ne4 12. h4 Ndf6 13. Rab1 a5 14. c5 b6 15. Ne5 Bd7 16. Nxe4 fxe4 17. cxb6 Qxb6 18. bxa5 Qa6 19. Bh3 Qc8 20.
Qb3 Rxa5 21. Qb7 Rb5 22. Qxc8 Bxc8 23. Nxc6 Rxb1 24. Nxe7+ Kf7 25. Rxb1 Kxe7 26. Bd2 Rf7 27. a4 Nd7 28.
Rc1 Ba6 29. Rc6 Bxe2 30. Bxe6 Rf3 31. Bg4 Rb3 32. Bxe2 Rb2 33. Bg5+ Nf6 34. Bb5 Rb4 1-0

[Event "2. Itzehoer Schach Open"]
[Site "Itzehoe, Germany"]
[Date "2023.04.29"]
[Round "1.19"]
[White "Schacht, David"]
[Black "Recklies, Volker"]
[Result "1/2-1/2"]
[TimeControl "90 min / 40 Züge + 30 min + 30 Sek pro Zug"]
[WhiteElo "1541"]
[BlackElo "1701"]

1. e4 c6 2. d4 d5 3. exd5 cxd5 4. Bd3 Nc6 5. c3 Nf6 6. Bg5 e6 7. Nd2 Be7 8. Ne2 a6 9. O-O Qc7 10.
f4 Ng4 11. Rf3 Bxg5 12. fxg5 Qxh2+ 13. Kf1 Qh1+ 14. Ng1 Nh2+ 15. Kf2 Nxf3 16. Ndxf3 Qh5 17. Qc2 Bd7 1/2-1/2

[Event "2. Itzehoer Schach Open"]
[Site "Itzehoe, Germany"]
[Date "2023.04.29"]
[Round "1.22"]
[White "Trapp, Hannes"]
[Black "Beth, Felix"]
[Result "1-0"]
[TimeControl "90 min / 40 Züge + 30 min + 30 Sek pro Zug"]
[WhiteElo "1677"]
[BlackElo "1498"]

1. e4 Nc6 2. Nc3 e6 3. d4 Bb4 4. Nge2 b6 5. a3 Be7 6. Bf4 Bb7 7. Ng3 Bf6 8. e5 Bg5 9. Be3 Nge7 10.
Bxg5 h6 11. Be3 O-O 12. Qd2 d5 13. Bd3 f5 14. exf6 Rxf6 15. O-O-O Qd6 16. Nh5 Rf7 17. Rde1 g6 18. Nf4 Nf5 19.
Nxg6 Nxe3 20. Qxe3 Rf6 21. Qxh6 Nxd4 22. Qh8+ Kf7 23. Ne5+ Ke7 24. Qg7+ Kd8 25. Qxf6+ Qe7 26. Nf7+ Ke8 27.
Qxd4 Kxf7 28. Nxd5 Bxd5 29. Qxd5 Rg8 30. Qe4 Qg5+ 31. Kb1 Qd5 32. g3 Rg7 33. Bc4 1-0

[Event "2. Itzehoer Schach Open"]
[Site "Itzehoe, Germany"]
[Date "2023.04.29"]
[Round "1.31"]
[White "Dau-Schmidt, Piet"]
[Black "Ploog, Jakob"]
[Result "0-1"]
[TimeControl "90 min / 40 Züge + 30 min + 30 Sek pro Zug"]
[WhiteElo "1606"]
[BlackElo "1392"]

1. d4 d5 2. c4 e5 3. dxe5 d4 4.
Nf3 Nc6 5. Bg5 Bb4+ 6. Nbd2 Nge7 7. a3 Bxd2+ 8. Qxd2 Bg4 9.
Bxe7 Qxe7 10. Qf4 Bxf3 11. Qxf3 Qxe5 12. O-O-O O-O 13. g3 Rad8 14. Bg2 Na5 15. Qd3 c5 16. b4 cxb4 17. axb4 Nxc4 18.
Bxb7 Qb5 19. Be4 Qxb4 20. Qb1 Qa3+ 0-1

[Event "2. Itzehoer Schach Open"]
[Site "Itzehoe, Germany"]
[Date "2023.04.29"]
[Round "1.7"]
[White "Harten, Jan"]
[Black "Roebers, Jan"]
[Result "0-1"]
[TimeControl "90 min / 40 Züge + 30 min + 30 Sek pro Zug"]
[WhiteElo "1819"]
[BlackElo "2083"]

1. e4 g6 2. Nf3 Bg7 3. d4 d6 4. Bc4 Nf6 5. Nbd2 c6 6. c3 O-O 7. O-O b5 8. Bd3 a6 9. Re1 Qc7 10.
Nf1 e5 11. h3 Re8 12. a4 Bb7 13. axb5 axb5 14. Ng3 Rxa1 0-1

[Event "2. Itzehoer Schach Open"]
[Site "Itzehoe, Germany"]
[Date "2023.04.29"]
[Round "1.34"]
[White "Knudsen, Finn Luca"]
[Black "Pitic, Alen"]
[Result "1/2-1/2"]
[TimeControl "90 min / 40 Züge + 30 min + 30 Sek pro Zug"]
[WhiteElo "929"]
[BlackElo "1276"]

1. e4 c6 2. Nf3 d5 3. exd5 cxd5 4. d4 Nf6 5. Bf4 Bg4 6. h3 Bxf3 7. Qxf3 Nc6 8. Qe3 a6 9. Nd2 Nb4 10.
Qb3 Nc6 11. Nf3 b5 12. O-O-O Ne4 13. Qe3 e6 14. a3 Bd6 15. Ne5 Rc8 16. f3 Nxe5 17. dxe5 Bc5 18. Qb3 Nf2 19. Bd3 Nxh1 20.
Rxh1 Qb6 21. Re1 O-O 22. c3 b4 23. axb4 Qb8 24. Kb1 a5 25. Be3 Bxe3 26. Rxe3 axb4 27. Qxb4 Qxb4 28. cxb4 Rb8 29. b5 Rfc8 30.
b4 g6 31. Kb2 Kg7 32. g4 h5 33. g5 Kf8 34. Re1 d4 35. Rc1 Rxc1 36. Kxc1 Rc8+ 37. Kb2 Rc3 38. Be4 Ke7 39. b6 Kd8 40.
b7 Kc7 41. b5 Rc5 42. b6+ Kb8 43. Kb3 d3 44. Bxd3 Kxb7 45. f4 Kxb6 46. Kb4 Rd5 47. Kc4 Kc6 48. h4 Kd7 49. Kc3 Ke7 50.
Kd2 Rd4 51. Ke3 Rd8 52. Bc2 f5 1/2-1/2

[Event "2. Itzehoer Schach Open"]
[Site "Itzehoe, Germany"]
[Date "2023.04.29"]
[Round "1.1"]
[White "Lebiedz, Oliver"]
[Black "Carlstedt, Jonathan"]
[Result "0-1"]
[TimeControl "90 min / 40 Züge + 30 min + 30 Sek pro Zug"]
[WhiteElo "1921"]
[BlackElo "2452"]

1. e4 c5 2. Nf3 Nc6 3. d4 cxd4 4. Nxd4 g6 5. Be3 Bg7 6. Nc3 Nf6 7. Nb3 O-O 8. Be2 d6 9. O-O Be6 10.
Qd2 a6 11. Nd4 Nxd4 12. Bxd4 b5 13. a3 Rc8 14. Rac1 Bc4 15. Rfd1 Qd7 16. Bf3 Qc7 17. Nd5 Bxd5 18. exd5 Nd7 19.
Bxg7 Kxg7 20. Qd4+ Ne5 21. Be2 Qc5 22. f4 Qxd4+ 23. Rxd4 Nd7 24. a4 Nc5 25. Ra1 bxa4 26. Rb4 Rb8 27.
c3 Kf6 28. Kf2 e6 29. dxe6 fxe6 30. Ke3 d5 31. Bd1 a5 32. Rxb8 Rxb8 33. Ra2 h5 34. Kd4 Rb5 35. Be2 Nb3+ 36.
Ke3 d4+ 37. cxd4 Rb4 38. Bd1 Nxd4 39. Bxa4 Nf5+ 40. Kf3 g5 41. fxg5+ Kxg5 42. g3 Rc4 43. Bd7 Rc5 44. Ra4 Kf6 45.
b4 Rc3+ 46. Kf2 Rc2+ 47. Kg1 Ne3 48. bxa5 Rg2+ 49. Kh1 Rd2 50. Rf4+ Ke5 51. Ba4 Ra2 52. h3 Nf5 53. Rb4 Nxg3+ 54. Kg1 Ne2+ 55. Kf1 Nf4 56. a6 Ra1+ 0-1

[Event "2. Itzehoer Schach Open"]
[Site "Itzehoe, Germany"]
[Date "2023.04.29"]
[Round "1.3"]
[White "Freitag, Christian"]
[Black "Knuedel, Torben"]
[Result "1/2-1/2"]
[TimeControl "90 min / 40 Züge + 30 min + 30 Sek pro Zug"]
[WhiteElo "1886"]
[BlackElo "2250"]

1. Nf3 Nf6 2. g3 e6 3. Bg2 d5 4. O-O Be7 5. c4 O-O 6. cxd5 exd5 7. d4 c6 8. Nc3 Bf5 9. Qb3 Qb6 10.
Qxb6 axb6 11. Bd2 b5 12. a3 h6 13. Nh4 Be6 14. Rfe1 Na6 15. Nf3 b4 16. axb4 Nxb4 17. Rec1 Ne4 18.
Nxe4 dxe4 19. Ne5 Rxa1 20. Rxa1 Nc2 21. Ra7 Nxd4 22. e3 Nb3 23. Bc3 Bf6 24. Rxb7 Ra8 25. h3 Bxe5 26. Bxe5 Nc5 27.
Rb8+ Rxb8 28. Bxb8 Bd5 29. Be5 f5 30. Bf1 Kf7 31. Be2 Nd3 32. Bc3 g6 33. Bxd3 exd3 34. f4 Bf3 35. Kf2 Be2 36. Ke1 Ke6 37. Bg7 Kd5 38. Bc3 Bh5 39. Bd2 Bf3 40. Kf2 Bd1 41.
Ke1 Be2 42. Bc3 c5 43. Bd2 Bf3 44. Kf2 Bd1 45. Ke1 Ba4 46. Bc3 Bb5 47. Bd2 Bc6 48. Bc3 Bb7 49. Bd2 Kc4 50. Bc3 Bg2 51.
h4 Bc6 52. Kd2 Kd5 53. Ke1 Ke4 54. Kf2 Bb5 55. Bd2 Kd5 56. Ke1 Kc4 57. Bc3 Kb3 58. Kd2 c4 59. Bg7 Bc6 60. Bc3 Ka2 61.
Bg7 Kb1 62. Bc3 Ka2 63. Bg7 Kb3 64. Bc3 Ka4 65. Bg7 Kb4 66. Bc3+ Kc5 67. Ke1 Kd5 68. Bd2 Ke6 69. Bc3 Kf7 70.
Be5 Bd5 71. Bc3 g5 72. hxg5 hxg5 73. Kf2 Kg6 74. Bd2 Bc6 75. Bc3 Bb7 76. Bd2 g4 77. Bc3 Kf7 78. Bd2 Ke6 79. Bc3 Kd5 80.
Bd2 Bc8 81. Bc3 Kc6 82. Ke1 Be6 83. Kf2 Kb5 84. Ke1 Bd5 85. Kd2 Be6 1/2-1/2

[Event "2. Itzehoer Schach Open"]
[Site "Itzehoe, Germany"]
[Date "2023.04.29"]
[Round "1.8"]
[White "Pitic, Jasmin"]
[Black "Zoellner, Bente"]
[Result "1-0"]
[TimeControl "90 min / 40 Züge + 30 min + 30 Sek pro Zug"]
[WhiteElo "2067"]
[BlackElo "1805"]

1. c4 c5 2. Nf3 Nc6 3. d4 cxd4 4. Nxd4 Nf6 5. Nc3 g6 6. e4 d6 7. Be2 Bg7 8. Be3 O-O 9. O-O a5 10.
f3 Qb6 11. Ncb5 Nxd4 12. Bxd4 Qc6 13. Qd2 Be6 14. Rac1 Nd7 15. Be3 Nc5 16. b3 Qb6 17. Rfe1 Bd7 18. Nc3 Bc6 19. Bf1 Qb4 20.
Nd5 Bxd5 21. exd5 Qxd2 22. Bxd2 Bd4+ 23. Be3 Bxe3+ 24. Rxe3 Rfe8 25. Rce1 Kf8 26. g4 Ra6 27. f4 Rb6 28.
Bd3 a4 29. Bc2 Ra8 30. f5 axb3 31. axb3 Ra2 32. Bd1 Rb2 33. Rxe7 Nxb3 34. f6 1-0

[Event "2. Itzehoer Schach Open"]
[Site "Itzehoe, Germany"]
[Date "2023.04.29"]
[Round "1.10"]
[White "Neumann, Frank"]
[Black "Vieito, Luis-Maria"]
[Result "0-1"]
[TimeControl "90 min / 40 Züge + 30 min + 30 Sek pro Zug"]
[WhiteElo "2030"]
[BlackElo "1773"]

1. d4 Nf6 2. Nf3 e6 3. g3 b6 4. Bg2 Bb7 5. O-O Be7 6. c4 O-O 7. Qc2 c5 8. dxc5 Bxc5 9. Nc3 Nc6 10.
b3 a6 11. Bb2 Qe7 12. Na4 d5 13. Nxc5 Qxc5 14. Rac1 Rac8 15. Bxf6 gxf6 16. cxd5 Qxd5 17. Qb2 Ne5 18. Rcd1 Qc6 19.
Ne1 Qc7 20. Bxb7 Qxb7 21. Nd3 Qe4 22. Nf4 Rc2 23. Qa3 Rxe2 24. Nxe2 Nf3+ 25. Kg2 Ne1+ 26. Kh3 Qg2+ 27. Kg4 h5+ 28. Kxh5 Qh3# 0-1

[Event "2. Itzehoer Schach Open"]
[Site "Itzehoe, Germany"]
[Date "2023.04.29"]
[Round "1.32"]
[White "Baumann, Simon"]
[Black "Knudsen, Max Leon"]
[Result "1-0"]
[TimeControl "90 min / 40 Züge + 30 min + 30 Sek pro Zug"]
[WhiteElo "1289"]
[BlackElo "931"]

1. e4 g6 2. d4 Bg7 3. Nf3 d6 4. Be3 a6 5. Be2 c5 6. Nc3 Qb6 7. Rb1 Nf6 8. Qd2 O-O 9. O-O Qc7 10.
Bh6 Bxh6 11. Qxh6 Ng4 12. Qh4 cxd4 13. Nxd4 d5 14. Bxg4 Bxg4 15. Qxg4 Nd7 16. Nxd5 Qd6 17. c3 e6 18.
Ne3 Nf6 19. Qf3 e5 20. Nb3 Rad8 21. Rbd1 Qc6 22. Nd5 Nxd5 23. exd5 e4 24. Qxe4 Rde8 25. dxc6 Rxe4 26. c7 Ree8 27.
Rd7 Rc8 28. Rfd1 b5 29. h3 f5 30. Nc5 Rfe8 31. Nxa6 Kf8 32. Rd8 Ke7 33. R1d7+ Ke6 34. Rxc8 Kxd7 35. Rxe8 Kxe8 36. c8=Q+ Kf7 37. Qd7+ Kf6 38. Qe8 Kg5 39. Qe5 b4 40.
f4+ Kh5 41. Qf6 b3 42. Qg5# 1-0

[Event "2. Itzehoer Schach Open"]
[Site "Itzehoe, Germany"]
[Date "2023.04.29"]
[Round "1.2"]
[White "Kuegel, Tobias"]
[Black "Thomas, Jeremy"]
[Result "1-0"]
[TimeControl "90 min / 40 Züge + 30 min + 30 Sek pro Zug"]
[WhiteElo "2332"]
[BlackElo "1894"]

1. e4 c5 2. Ne2 d6 3. d4 cxd4 4. Nxd4 Nf6 5. f3 e5 6. Nb3 d5 7. Bg5 d4 8. c3 Nc6 9. cxd4 Bb4+ 10.
Bd2 Nxe4 11. Bxb4 Qh4+ 12. g3 Nxg3 13. hxg3 Qxg3+ 14. Kd2 Nxb4 15. Qe2 Be6 16. Qxe5 Qxf3 17. Bb5+ Nc6 18. Nc3 O-O-O 19. Bxc6 bxc6 20. Raf1 Qg2+ 21. Kc1 g6 22. Rhg1 Qh3 23. Qc5 Bf5 24. Rxf5 gxf5 25. Qxc6+ Kb8 26. Nc5 Qh6+ 27. Qxh6 1-0

[Event "2. Itzehoer Schach Open"]
[Site "Itzehoe, Germany"]
[Date "2023.04.29"]
[Round "1.13"]
[White "Spieker, Hans-Joachim"]
[Black "Martin, Dennis"]
[Result "0-1"]
[TimeControl "90 min / 40 Züge + 30 min + 30 Sek pro Zug"]
[WhiteElo "1747"]
[BlackElo "2012"]

1. Nf3 d5 2. c4 d4 3. b4 a5 4. Bb2 d3 5. exd3 axb4 6. Be2 Nf6 7. O-O e6 8. a3 Nc6 9. axb4 Rxa1 10.
Bxa1 Bxb4 11. Qb3 Bd6 12. d4 Be7 13. Na3 O-O 14. Nb5 b6 15. Ne5 Bb7 16. Bf3 Na5 17. Qc2 c6 18. Na7 Qa8 0-1

[Event "2. Itzehoer Schach Open"]
[Site "Itzehoe, Germany"]
[Date "2023.04.29"]
[Round "1.23"]
[White "Aguike, Toshiya"]
[Black "Wolf, Finn"]
[Result "0-1"]
[TimeControl "90 min / 40 Züge + 30 min + 30 Sek pro Zug"]
[WhiteElo "1491"]
[BlackElo "1677"]

1. e4 c5 2. Nf3 d6 3. d4 cxd4 4. Nxd4 Nf6 5. Nc3 a6 6. Bc4 e6 7. a3 Be7 8. Be3 Qc7 9. Ba2 Nc6 10.
Nf3 b5 11. b4 Nxb4 12. Qd2 Nxa2 13. Rxa2 Bb7 14. Qd3 Rc8 15. Bd2 e5 16. O-O O-O 17. Re1 h6 18. g3 Rfd8 19. Nh4 d5 20.
exd5 Nxd5 21. Nxd5 Bxd5 22. Rb2 Bc4 23. Qe3 Bc5 24. Qf3 Rxd2 25. Nf5 Rxf2 0-1

[Event "2. Itzehoer Schach Open"]
[Site "Itzehoe, Germany"]
[Date "2023.04.29"]
[Round "1.5"]
[White "Richter, Ruediger"]
[Black "Wulf von Moers, Jens"]
[Result "0-1"]
[TimeControl "90 min / 40 Züge + 30 min + 30 Sek pro Zug"]
[WhiteElo "1869"]
[BlackElo "2148"]

1. e4 d6 2. d4 Nf6 3. Nc3 e5 4. dxe5 dxe5 5. Qxd8+ Kxd8 6. Bg5 Be6 7. O-O-O+ Nbd7 8. f4 exf4 9.
Nge2 Bc5 10. Nxf4 Kc8 11. Nxe6 fxe6 12. Bc4 Re8 13. h3 a6 14. a3 b5 15. Be2 Bd6 16. Be3 Be5 17. Bd4 c6 18.
Rhf1 Kc7 19. g4 Bxd4 20. Rxd4 Ne5 21. b4 Rf8 22. Rdd1 h6 23. Kd2 Rad8+ 24. Ke3 Rxd1 25. Nxd1 a5 26.
c4 axb4 27. axb4 bxc4 28. Kd4 Kd6 29. Bxc4 Rb8 30. Ne3 Rxb4 31.
Rd1 c5+ 32. Kc3+ Ke7 33. Bf1 Nxe4+ 34. Kc2 Nc6 35. Ra1 Nd4+ 36. Kd3 Nf2+ 37. Kc3 Rb3+ 38. Kc4 Rxe3 39. Ra7+ Kf6 40. Kxc5 Nb3+ 41.
Kb4 Nd2 42. Ra2 Nde4 43. Bg2 Rg3 0-1

[Event "2. Itzehoer Schach Open"]
[Site "Itzehoe, Germany"]
[Date "2023.04.29"]
[Round "1.36"]
[White "Schindehuette, Frank"]
[Black "Junge, Julia Marie"]
[Result "1/2-1/2"]
[TimeControl "90 min / 40 Züge + 30 min + 30 Sek pro Zug"]
[WhiteElo "1575"]
[BlackElo "1367"]

1. f4 Nc6 2. c4 e5 3. Nc3 Bc5 4. Nf3 d6 5. e4 Bg4 6. Be2 Qd7 7. f5 Bxf3 8. Bxf3 O-O-O 9. d3 f6 10.
a3 a5 11. Bd2 b6 12. Nd5 Nge7 13. b4 Bd4 14. Rb1 axb4 15. axb4 Nxd5 16. cxd5 Na7 17. Qc1 Qb5 18. Ke2 c6 19.
Qc2 Kb7 20. Rhc1 Rc8 21. Qa2 cxd5 22. Qxd5+ Qxd5 23. exd5 b5 24. Be3 Bxe3 25. Kxe3 Rxc1 26. Rxc1 Rc8 27. Rxc8 Kxc8 28. Bh5 Kd7 29. d4 Nc8 30. Be2 Na7 31. g4 g6 32. fxg6 hxg6 33.
h4 Ke7 34. Bd3 Kf7 35. dxe5 fxe5 36. h5 gxh5 37. gxh5 Kg7 38. Kf3 Kh6 39. Kg4 Nc8 40. Bxb5 Nb6 41. Bc6 e4 42. Kf4 e3 43.
Kxe3 Kxh5 44. Kf4 Kg6 45. Ke4 Kf6 46. b5 Ke5+ 1/2-1/2

[Event "2. Itzehoer Schach Open"]
[Site "Itzehoe, Germany"]
[Date "2023.04.29"]
[Round "1.4"]
[White "Lichtmannecker, Daniel"]
[Black "Quiring, Nikolai"]
[Result "1-0"]
[TimeControl "90 min / 40 Züge + 30 min + 30 Sek pro Zug"]
[WhiteElo "2162"]
[BlackElo "1880"]

1. d4 e6 2. Nc3 b6 3. e4 Bb7 4. Bd3 f5 5. exf5 exf5 6. Bxf5 g6 7. Be4 d5 8. Bf3 Bg7 9. Qe2+ Kf7 10.
Nh3 Ne7 11. Ng5+ 1-0

[Event "2. Itzehoer Schach Open"]
[Site "Itzehoe, Germany"]
[Date "2023.04.29"]
[Round "1.9"]
[White "Carsten, Juergen"]
[Black "Fuhrmann, Bahne"]
[Result "0-1"]
[TimeControl "90 min / 40 Züge + 30 min + 30 Sek pro Zug"]
[WhiteElo "1780"]
[BlackElo "2035"]

1. e4 e5 2. Bc4 Nf6 3. d3 Bc5 4. Nf3 Nc6 5. c3 d6 6. Bb3 a6 7. h3 Ba7 8. Bg5 h6 9. Bh4 g5 10.
Bg3 Ne7 11. Nbd2 Ng6 12. Nc4 Nh5 13. Ncxe5 dxe5 14. Nxe5 Qf6 15. Bxf7+ Kd8 16. Qxh5 Nxe5 17. Bxe5 Qxe5 18. g3 Rf8 19.
f4 Qf6 20. Bb3 gxf4 21. e5 Qg5 22. Qxg5+ hxg5 23. gxf4 Rxf4 24. O-O-O Bf2 25. Bd5 c6 26. Be4 Be6 27. Kb1 Ke7 28.
Rdf1 Rh8 29. Bg2 Bf5 30. Rd1 Ke6 31. Ka1 Kxe5 32. d4+ Kd6 33. Rdf1 Re8 34. Rd1 Re2 35. Rhf1 Bh4 36. Rxf4 gxf4 37.
Bf3 Re1 38. Rxe1 Bxe1 39. Bg2 Bd3 40. Bf3 Bf1 41. h4 Bxh4 42. Kb1 Bc4 43. b3 Bd5 44. Be2 Bg2 45. Bd3 Kd5 46. Kc1 f3 47.
Kd2 f2 48. Ke3 f1=Q 49. c4+ Ke6 50. d5+ cxd5 51. cxd5+ Kxd5 52. Bxf1 Bxf1 53. Kd2 Kd4 54. b4 Bd3 55. a4 Bg5+ 56.
Kd1 Bf5 57. b5 Kd3 58. Ke1 Bg4 59. bxa6 bxa6 60. a5 Bh4+ 0-1

[Event "2. Itzehoer Schach Open"]
[Site "Itzehoe, Germany"]
[Date "2023.04.29"]
[Round "1.16"]
[White "Fuhrmann, Åke"]
[Black "Krumschmidt, Michael"]
[Result "1-0"]
[TimeControl "90 min / 40 Züge + 30 min + 30 Sek pro Zug"]
[WhiteElo "1992"]
[BlackElo "1720"]

1. d4 Nf6 2. c4 d6 3. Nc3 g6 4. e4 Bg7 5. Be2 O-O 6. Be3 Nc6 7. d5 Ne5 8. f4 Neg4 9. Bc1 h5 10.
Nf3 c6 11. h3 Qb6 12. hxg4 Nxg4 13. Rf1 Bf6 14. Qb3 Qc5 15. Na4 Qa5+ 16. Bd2 Qc7 17. Ng5 Bd7 18. Bxg4 Bxg4 19. Be3 Bxg5 20.
fxg5 e6 21. Kf2 b5 22. cxb5 cxb5 23. Nc3 b4 24. Qxb4 Rab8 25. Qa3 exd5 26. Nxd5 Qc2+ 27. Kg1 Rxb2 28. Rf2 Be2 29. Nf6+ Kh8 30.
Bd4 Rb1+ 31. Rxb1 Qxb1+ 32. Kh2 Qd1 33. Qb2 1-0

[Event "2. Itzehoer Schach Open"]
[Site "Itzehoe, Germany"]
[Date "2023.04.29"]
[Round "1.25"]
[White "Aguike, Chidera"]
[Black "Rick, Niklas Corvin"]
[Result "1/2-1/2"]
[TimeControl "90 min / 40 Züge + 30 min + 30 Sek pro Zug"]
[WhiteElo "1450"]
[BlackElo "1672"]

1. e4 c5 2. Nf3 d6 3. d4 cxd4 4. Nxd4 Nf6 5. Nc3 a6 6. Be2 e5 7. Nb3 Be7 8. Be3 Be6 9. Nd5 Nbd7 10.
f3 O-O 11. g4 Rc8 12. h4 Bxd5 13. exd5 Nb6 14. Bxb6 Qxb6 15. g5 Nh5 16. c4 Nf4 17. Qd2 Ng2+ 18. Kf1 Ne3+ 19. Ke1 Nxc4 20.
Bxc4 Rxc4 21. Rc1 Rfc8 22. Rxc4 Rxc4 23. h5 Rf4 24. g6 fxg6 25. hxg6 h6 26. Rf1 Bh4+ 27. Kd1 Bg5 28. Qc2 Rf8 29. Qf2 Qxf2 30. Rxf2 e4 31.
Ke2 Rxf3 32. Rxf3 exf3+ 33. Kxf3 b6 34. Nd4 Bf6 35. Nf5 Be5 36. b3 Kf8 37. Kg4 Ke8 38. Kh5 b5 39. Kg4 Kd7 40.
Kh5 b4 41. Ne3 Ke7 42. Ng4 Bf4 43. Kh4 Bc1 44. Kh5 Bb2 45. Kh4 Bd4 46. Kh5 Kd7 47. Nh2 Kc7 48. Nf3 Bf6 49. Ne1 Bc3 50.
Nd3 Kd8 51. Nf2 a5 52. Ne4 Kc7 53. Kg4 Kb6 54. Kh5 Be5 55. Kg4 Kb5 56. Kh5 a4 57. Kg4 axb3 58. axb3 1/2-1/2

[Event "2. Itzehoer Schach Open"]
[Site "Itzehoe, Germany"]
[Date "2023.04.29"]
[Round "1.20"]
[White "Trzcielinski, Jens"]
[Black "Neffgen, Klaus"]
[Result "1-0"]
[TimeControl "90 min / 40 Züge + 30 min + 30 Sek pro Zug"]
[WhiteElo "1693"]
[BlackElo "1533"]

1. e4 c6 2. f4 d5 3. e5 Bf5 4. d4 e6 5. Nf3 Bb4+ 6. c3 Ba5 7. Bd3 Bxd3 8. Qxd3 Ne7 9. O-O Nd7 10.
Nh4 O-O 11. Qg3 Re8 12. f5 exf5 13. Nxf5 Nxf5 14. Rxf5 Nf8 15. Bg5 Qd7 16. Qf2 Re6 17. Nd2 Rae8 18. Rf1 Bb6 19. Rxf7 Qc8 20.
Qg3 Ng6 21. h4 Nxe5 22. Bf6 Rxf6 23. Qxg7# 1-0